 Dungeon Crawl Stone Soup version 0.30-a0-779-g7971cf19c3 (webtiles) character file.

Game seed: 16647561400076953546

2380 xian the Cleaver (level 9, -5/75 HPs)
             Began as a Red Draconian Berserker on Feb 18, 2023.
             Was a Priest of Trog.
             Slain by an ice beast (10 damage)
             ... on level 7 of the Dungeon.
             The game lasted 00:15:10 (5550 turns).

xian the Cleaver (Red Draconian Berserker)          Turns: 5550, Time: 00:15:11

Health: -5/75      AC:  8    Str: 23    XL:     9   Next: 22%
Magic:  9/9        EV: 14    Int:  8    God:    Trog [***...]
Gold:   327        SH:  0    Dex: 11    Spells: 8/8 levels left

rFire   + . .      SeeInvis .    a - +0 hand axe
rCold   . . .      Faith    .    (no shield)
rNeg    . . .      Spirit   .    (body armour unavailable)
rPois   .          Reflect  .    y - +0 hat
rElec   .          Harm     .    (no cloak)
rCorr   .          Rampage  .    o - +0 pair of gloves
Will    .....                    (no boots)
Stlth   ++                       (no amulet)
HPRegen 0.32/turn                u - ring of flight
MPRegen 0.11/turn                (no ring)

@: lethally poisoned (-5 -> -6), on berserk cooldown, flying, slowed, very slow
A: breathe fire, AC +7, unfitting armour, fire resistance 1, cold-blooded
a: Breathe Fire, Renounce Religion, Berserk, Trog's Hand


You were on level 7 of the Dungeon.
You worshipped Trog.
Trog was most pleased with you.
You visited 1 branch of the dungeon, and saw 7 of its levels.

You collected 327 gold pieces.

Inventory:

Hand Weapons
 a - a +0 hand axe (weapon)
Missiles
 j - 28 stones (quivered)
 C - a curare-tipped dart
Armour
 o - a +0 pair of gloves (worn)
 y - a +0 hat (worn)
Magical Staves
 m - a staff of cold
 p - a staff of conjuration
Jewellery
 u - a ring of flight (left hand)
 x - a ring of fire
Wands
 t - a wand of flame (26)
Scrolls
 b - a scroll of vulnerability {unknown}
 c - 3 scrolls of identify {unknown}
 d - a scroll of poison {unknown}
 e - a scroll of butterflies {unknown}
 g - a scroll of amnesia {unknown}
 k - a scroll of fear {unknown}
 n - 2 scrolls of magic mapping {unknown}
 s - 2 scrolls of silence {unknown}
 v - 2 scrolls of teleportation {unknown}
 w - 2 scrolls of blinking {unknown}
 z - 2 scrolls of enchant armour {unknown}
 A - a scroll of enchant weapon {unknown}
 B - a scroll of brand weapon {unknown}
Potions
 f - a potion of flight {unknown}
 h - 3 potions of curing {unknown}
 i - 3 potions of lignification {unknown}
 l - 2 potions of attraction {unknown}
 q - a potion of might
 r - 2 potions of brilliance {unknown}


   Skills:
 + Level 6.2 Fighting
 + Level 9.2 Axes
 + Level 0.8 Throwing
 + Level 6.4 Dodging
 + Level 3.1 Stealth


You had 8 spell levels left.
You didn't know any spells.
Your spell library contained the following spells:

 Spells                   Type           Power      Damage    Failure   Level
 Magic Dart               Conj           0%         1d3       41%         1
 Call Imp                 Summ           0%         N/A       54%         2
 Ignite Poison            Fire/Tmut/Pois 0%         N/A       78%         3
 Mephitic Cloud           Conj/Pois/Air  0%         N/A       78%         3
 Animate Dead             Necr           0%         N/A       99%         4
 Sticky Flame             Conj/Fire      0%         2d3       99%         4
 Borgnjor's Vile Clutch   Necr/Erth      0%         N/A       100%        5
 Death Channel            Necr           0%         N/A       100%        6
 Ignition                 Fire           0%         3d3       100%        8


Dungeon Overview and Level Annotations

Branches:
Dungeon (7/15)
 Temple: D:4-7

Altars:

Shops:
D:6 *

Annotations:
D:4 2 transporters, jimonade's ghost, weakling OgVM


Innate Abilities, Weirdness & Mutations

You can breathe blasts of fire.
Your fiery red scales are hard. (AC +7)
You cannot fit into any form of body armour.
Your flesh is heat resistant. (rF+)
You are cold-blooded and may be slowed by cold attacks.


Message History

Something hits you but does no damage.
You barely miss something. You closely miss the ice beast.
You feel sick.
You slash something! Trog accepts your kill.
Trog appreciates your killing of a magic user.
Reactivating autopickup.
You feel a bit more experienced.
You hit the ice beast.
You feel sick. The ice beast barely misses you.
You closely miss the bullfrog. You closely miss the ice beast.
You have got your breath back.
You feel sick.
The bullfrog hits you but does no damage.
You closely miss the bullfrog.
Your tail-slap misses the bullfrog.
You barely miss the ice beast.
The bullfrog hits you but does no damage.
The ice beast hits you. The ice beast freezes you!
You feel yourself slow down.
You slash the bullfrog!
The bullfrog is moderately wounded.
You hit the ice beast but do no damage.
You feel sick. The bullfrog hits you.
The ice beast hits you but does no damage.
You slash the bullfrog!
The bullfrog is almost dead.
You barely miss the ice beast.
You are no longer berserk.
You are exhausted.
You feel as though you will be slow longer.
You feel sick. The bullfrog barely misses you. The ice beast hits you.
The ice beast freezes you!
You feel as though you will be slow longer.
* * * LOW HITPOINT WARNING * * *
The bullfrog hits you!
* * * LOW HITPOINT WARNING * * *
You barely miss the bullfrog.
The bullfrog is almost dead.
You hit the ice beast.
You feel sick. The bullfrog hits you.
* * * LOW HITPOINT WARNING * * *
The ice beast hits you.
* * * LOW HITPOINT WARNING * * *
The ice beast freezes you!
You die...

..# . ... #. #.#
#.# #.#### #..
#.#.. #...#.#.#
#.
#.#...#5#.###....
.......oY).......
#.##..#.#@######
$... #<#F# ####
#.#)# ..#.#
##...# #....
#.#... #.#.###
#.#..


You could see an ice beast, a bullfrog, a white imp and an orc.

Vanquished Creatures
  Pikel (D:5)
  Sigmund (D:5)
  Edmund (D:6)
  Duvessa (D:4)
  An ice beast (D:7)
  A black bear (D:5)
  2 ogres
  A sky beast (D:7)
  A kobold brigand (D:6)
  Blork the orc (D:4)
  4 scorpions
  A bullfrog (D:6)
  Dowan (D:4)
  3 howler monkeys (D:7)
  3 hounds
  2 jellies
  Ijyb (D:4)
  2 orc wizards (D:7)
  Robin (D:4)
  8 gnolls
  11 adders
  A shadow imp (D:6)
  An ufetubus (D:7)
  3 dart slugs (D:1)
  3 orcs
  7 ball pythons
  10 endoplasms
  A giant cockroach (D:3)
  9 hobgoblins
  10 jackals
  5 quokkas
  11 bats
  6 frilled lizards
  15 goblins
  14 kobolds
  4 rats
148 creatures vanquished.

Vanquished Creatures (others)
  A fungus (D:3)
1 creature vanquished.

Grand Total: 149 creatures vanquished

Notes
Turn   | Place    | Note
-------+----------+-------------------------------------------
     0 | D:1      | xian the Draconian Berserker began the quest for the Orb.
     0 | D:1      | Reached XP level 1. HP: 19/19 MP: 1/1
    88 | D:1      | Reached XP level 2. HP: 24/26 MP: 2/2
   374 | D:1      | Reached XP level 3. HP: 31/33 MP: 3/3
   586 | D:1      | Found a large runed translucent door.
   586 | D:1      | Found a large runed translucent door.
   596 | D:1      | Reached ** piety under Trog
   878 | D:2      | Reached skill level 4 in Axes
  1134 | D:2      | Reached XP level 4. HP: 40/40 MP: 4/4
  1443 | D:2      | Reached *** piety under Trog
  1879 | D:3      | You fall into a shaft and drop 3 floors!
  1918 | D:6      | Noticed an ogre
  1944 | D:6      | Killed an ogre
  1945 | D:6      | Reached skill level 5 in Axes
  1945 | D:6      | Reached skill level 1 in Stealth
  1945 | D:6      | Reached XP level 5. HP: 46/46 MP: 5/5
  2140 | D:5      | Entered Level 5 of the Dungeon
  2140 | D:5      | Noticed Pikel
  2140 | D:5      | Noticed a lemure
  2140 | D:5      | Noticed a lemure
  2140 | D:5      | Noticed a lemure
  2140 | D:5      | Noticed a lemure
  2191 | D:6      | Reached XP level 6. HP: 4/53 MP: 6/6
  2858 | D:5      | Reached skill level 6 in Axes
  2858 | D:5      | Your scales start taking on a fiery red colour.
  2858 | D:5      | Reached XP level 7. HP: 60/60 MP: 7/7
  2858 | D:5      | Gained mutation: Your flesh is heat resistant. (rF+) [Red
                  | Draconian growth]
  3016 | D:4      | Found a transporter.
  3016 | D:4      | Noticed jimonade's ghost (weakling OgVM)
  3071 | D:4      | Noticed Ijyb
  3083 | D:4      | Killed Ijyb
  3662 | D:4      | Noticed Duvessa
  3663 | D:4      | Noticed Dowan
  3664 | D:4      | Noticed Blork the orc
  3683 | D:4      | Killed Duvessa
  3685 | D:4      | Killed Blork the orc
  3686 | D:4      | Reached skill level 5 in Fighting
  3689 | D:4      | Killed Dowan
  3690 | D:4      | Reached skill level 5 in Dodging
  3893 | D:4      | Noticed Robin
  3915 | D:4      | Killed Robin
  3957 | D:4      | Found a transporter.
  4050 | D:5      | Reached skill level 7 in Axes
  4050 | D:5      | Reached XP level 8. HP: 39/68 MP: 8/8
  4181 | D:5      | Noticed Sigmund
  4190 | D:5      | Killed Sigmund
  4286 | D:5      | Killed Pikel
  4287 | D:5      | Reached skill level 8 in Axes
  5135 | D:6      | Noticed Edmund
  5143 | D:6      | Killed Edmund
  5144 | D:6      | Reached XP level 9. HP: 75/75 MP: 9/9
  5195 | D:6      | Found Zonaneh's Overcharged Wands.
  5513 | D:7      | Reached skill level 9 in Axes
  5550 | D:7      | Slain by an ice beast

Illustrated notes

Levels and vault maps discovered:
D:1:      erik_arrival_cave_to_civilisation [erik_arrival_cave_to_temple],
          layout_rooms, minmay_door_square
D:2:      layout_loops_ring, kennysheep_generic_room_8
D:3:      layout_loops_ring, minmay_misc_feat_plants
D:4:      layout_rooms, gammafunk_ghost_mausoleum, uniq_duvessa,
          uniq_blork_the_orc, uniq_ijyb, uniq_robin
D:5:      layout_cave_pods, uniq_sigmund, uniq_pikel
D:6:      layout_loops_ring, nicolae_zen_rock_garden,
          nicolae_shop_overcharged_wands, uniq_edmund
D:7:      layout_basic, minmay_temple_entry_glass

Skill      XL: |  1  2  3  4  5  6  7  8  9 |
---------------+----------------------------+-----
Dodging        | 3 4 5 6 |  6.4
Axes           | 4 5 6 7 8 9 |  9.2
Fighting       | 4 5 6 |  6.2
Stealth        | 1 2 3 |  3.1
Throwing       | |  0.8

Action                     |  1- 3 |  4- 6 |  7- 9 || total
---------------------------+-------+-------+-------++-------
  Melee: Hand axe          |   143 |   143 |   202 ||   488
         Tailslap          |    18 |    13 |    28 ||    59
         Punch             |       |     2 |       ||     2
  Throw: Stone             |       |    12 |     4 ||    16
 Invoke: Berserk           |     2 |     5 |     8 ||    15
         Trog's Hand       |       |       |     3 ||     3
Ability: Breathe Fire      |       |       |    12 ||    12
 Armour: Skin              |    72 |    74 |    60 ||   206
  Dodge: Dodged            |   126 |   107 |   134 ||   367

Table legend: (Time is in decaauts)
 A = Elapsed time spent in this place.
 B = Non-inter-level travel time spent in this place.
 C = Inter-level travel time spent in this place.
 D = Time resting spent in this place.
 E = Time spent auto-exploring this place.
 F = Levels seen in this place.
 G = Mean time per level.
                   A        B        C        D        E       F      G
               +--------+--------+--------+--------+--------+-----+--------+
         Total |   5671 |   5467 |    204 |    491 |   3328 |   7 |  810.1 |
       Dungeon |   5671 |   5467 |    204 |    491 |   3328 |   7 |  810.1 |
               +--------+--------+--------+--------+--------+-----+--------+

Top non-repeatable levels by time:
     D:6: 1402 daAuts
     D:5: 1285 daAuts
     D:1: 871 daAuts
     D:2: 773 daAuts
     D:3: 735 daAuts
     D:4: 553 daAuts
     D:7: 50 daAuts
